 Dungeon Crawl Stone Soup version 0.20-a0-1121-gbb42413 (webtiles) character file.

146643 Wendigo the Demonic Cataclysm (level 16, 122/122 HPs)
             Began as a Demonspawn Gladiator on May 9, 2017.
             Was a High Priest of Qazlal.
             Quit the game on level 2 of the Snake Pit on May 10, 2017.
             The game lasted 01:31:52 (31438 turns).

Wendigo the Demonic Cataclysm (DsGl)               Turns: 31438, Time: 01:31:53

Health: 122/122    AC: 29    Str: 21    XL:     16   Next: 90%
Magic:  29/29      EV: 10    Int: 13    God:    Qazlal [*****.]
Gold:   2700       SH:  7    Dex: 18    Spells: 14/15 levels left

rFire    + + +     SeeInvis +   V - +8 whip "Snakebite" {curare, rPois}
rCold    + + +     Gourm    .   (no shield)
rNeg     + + +     Faith    +   A - +1 plate armour {rF+}
rPois    +         Spirit   .   O - +2 helmet {SInv}
rElec    +         Reflect  .   p - +0 cloak "Ehuxtust" {rF+ Str+5}
rCorr    .         Harm     .   h - +1 pair of gloves
MR       ++...                  K - +1 pair of boots "Weawnil" {*Drain rElec rF+ rN++}
Stlth    ..........             E - amulet of faith
Regen    0.3/turn               j - +5 ring of protection
MPRegen  0.3/turn               c - ring of Xyx Haub {rC++ rN+ EV-2 Str-3 Dex+2} (curse)

@: repel missiles
A: talons 1, clever 1, cold resistance 1, magic resistance 1, powered by death
2, sanguine armour 3
a: Upheaval, Elemental Force, Disaster Area, Renounce Religion


You were on level 2 of the Snake Pit.
You worshipped Qazlal.
Qazlal was extremely pleased with you.
You were not hungry.

You visited 4 branches of the dungeon, and saw 25 of its levels.
You also visited: Labyrinth and Bailey.

You collected 3080 gold pieces.
You spent 380 gold pieces at shops.

Inventory:

Hand Weapons
 b - a +7 vampiric lajatang
 M - the +8 morningstar of Disembowelment {venom, *Slow rC++ Str+8 Int-5}
   (You took it off a fire giant on level 1 of the Orcish Mines)

   It poisons the flesh of those it strikes.
   It affects your strength (+8).
   It affects your intelligence (-5).
   It greatly protects you from cold.
   It may slow you when you take damage.
 V - the +8 whip "Snakebite" (weapon) {curare, rPois}
   (You found it on level 2 of the Lair of Beasts)

   It poisons the flesh of those it strikes.
   It protects you from poison.
Missiles
 d - 3 throwing nets (quivered)
Armour
 h - a +1 pair of gloves (worn)
 p - the +0 cloak "Ehuxtust" (worn) {rF+ Str+5}
   (You acquired it on level 2 of the Snake Pit)

   It affects your strength (+5).
   It protects you from fire.
 A - a +1 plate armour of fire resistance (worn)
 K - the +1 pair of boots "Weawnil" (worn) {*Drain rElec rF+ rN++}
   (You acquired it on level 6 of the Lair of Beasts)

   It protects you from fire.
   It insulates you from electricity.
   It greatly protects you from negative energy.
   It causes draining when unequipped.
 O - a +2 helmet of see invisible (worn)
 W - the scarf of Truth {Str+5}
   (You acquired it on level 3 of the Lair of Beasts)

   It affects your strength (+5).
Jewellery
 c - the cursed ring of Xyx Haub (right hand) {rC++ rN+ EV-2 Str-3 Dex+2}
   (You found it in a labyrinth)

   [ring of evasion]

   It affects your evasion (-2).
   It affects your strength (-3).
   It affects your dexterity (+2).
   It greatly protects you from cold.
   It protects you from negative energy.
   It has a curse placed upon it.
 j - a +5 ring of protection (left hand)
 v - an uncursed ring of protection from fire
 E - an amulet of faith (around neck)
 Q - an uncursed ring of ice
 S - an uncursed amulet of magic regeneration
Wands
 H - a wand of clouds (8/9)
Scrolls
 e - 15 scrolls of remove curse
 g - 2 scrolls of enchant armour
 i - 3 scrolls of amnesia
 k - 3 scrolls of fear
 m - a scroll of fog
 n - 16 scrolls of teleportation
 q - a scroll of torment
 r - 6 scrolls of immolation
 w - 4 scrolls of enchant weapon
 y - a scroll of magic mapping
 R - 9 scrolls of identify
 T - 6 scrolls of blinking
 U - a scroll of recharging
 Z - a scroll of brand weapon
Potions
 a - a potion of flight
 l - 5 potions of lignification
 o - 4 potions of brilliance
 s - 2 potions of resistance
 t - 5 potions of heal wounds
 u - 2 potions of magic
 z - 5 potions of invisibility
 C - 5 potions of haste
 D - 6 potions of curing
 F - 3 potions of might
 I - 3 potions of cancellation
 P - a potion of ambrosia
Books
 Y - a Grand Grimoire

   Spells                             Type                      Level
   a - Monstrous Menagerie            Summoning                    7
   b - Summon Greater Demon           Summoning                    7
   c - Malign Gateway                 Summoning/Translocation      7
   d - Summon Horrible Things         Summoning                    8
Comestibles
 f - 12 bread rations
 x - 18 royal jellies
 B - 36 fruits
 J - 11 meat rations


   Skills:
 + Level 10.2 Fighting
 - Level 12.4(14.9) Maces & Flails
 - Level 14.1(15.8) Staves
 - Level 1.7 Throwing
 + Level 9.2 Armour
 + Level 9.8 Dodging
 * Level 19.5 Invocations


You had 14 spell levels left.
You knew the following spells:

 Your Spells              Type           Power        Failure   Level  Hunger
a - Apportation           Tloc           #.....       99%         1    ##.....


Dungeon Overview and Level Annotations

Branches:
Dungeon (15/15)            Temple (0/1) D:7            Lair (6/6) D:8
 Shoals (0/4) Lair:4        Snake (2/4) Lair:2        Slime (0/5) Lair:5
    Orc (2/2) D:11            Elf (0/3) Orc:2        Vaults (0/5) D:14
 Depths (0/5) D:15

Altars:
Ashenzari
Cheibriados
Dithmenos
Elyvilon
Fedhas
Makhleb
Qazlal
Ru
Sif Muna
Trog
Vehumet
Xom
Yredelemnul
Beogh

Shops:
D:4 *   D:12 *   Orc:2 :[*!

Portals:
Pandemonium: Orc:2
Trove: D:12 (give horn of Geryon)

Annotations:
D:3 exclusion: downstairs
D:4 exclusion: 2 downstairs


Innate Abilities, Weirdness & Mutations

You have sharp toenails.
Your flesh is cold resistant. (rC+)
You regenerate health from kills.
When seriously injured, your bleeding wounds create very thick armour. (AC +0)
Your mind is acute. (Int +2)
You are resistant to hostile enchantments. (MR+)


Message History

You feel sick.
You are no longer poisoned.
z - 5 potions of invisibility (gained 1)
Found a stone staircase leading up.
Found 12 sling bullets.
Found a stone staircase leading up.
Found a stone staircase leading down.
Done exploring.
Done exploring.
Done exploring.
Put on which piece of jewellery? (? for menu, Esc to quit)
You remove your amulet of magic regeneration.
You feel a surge of divine interest.
E - an amulet of faith (around neck) Done exploring.
Saving game... please wait.
Welcome back, Wendigo the Demonspawn Gladiator.
Qazlal says: Let the forces of nature tear it all down!
Press ? for a list of commands and other information.
Are you sure you want to abandon this character and quit the game? (Confirm with "yes".)

#.# #.# #.#
#######.# ........#
........##########
................>#
........########.#
#######.# #@# #)#
#.# #.# #.# #.# #.#
#######.# #.#
........# #.#
........########.##
..(...............#
..................#


There were no monsters in sight!

Vanquished Creatures
  Gastronok (D:10)
  Kirke (Lair:5)
  A fire giant (Orc:1)
  3 nagarajas (Snake:2)
  An emperor scorpion (D:15)
  Azrael (Orc:2)
  6 dire elephants
  An ettin (Orc:1)
  A minotaur (Lab)
  Josephine (D:11)
  A rakshasa (D:15)
  7 hydras
  An ice dragon (shapeshifter) (D:14)
  2 centaur warriors
  6 anacondas
  6 naga warriors
  7 two-headed ogres
  2 death knights
  2 tengu warriors (D:14)
  5 naga sharpshooters
  6 death yaks
  3 orc high priests (Orc:2)
  Urug (D:11)
  A soul eater (Orc:2)
  3 skeletal warriors (D:15)
  A fire crab (shapeshifter) (D:13)
  2 unseen horrors
  A deep troll (shapeshifter) (D:14)
  A lindwurm (shapeshifter) (D:14)
  A torturous demonspawn (Orc:2)
  Pikel (D:7)
  A naga ritualist (Snake:1)
  A phantasmal warrior (D:11)
  A necromancer (D:11)
  A wizard (D:15)
  3 mana vipers
  A lindwurm (Lair:6)
  11 ugly things
  2 deep elf magi
  10 orc sorcerers
  An oklob plant (Lair:6)
  7 orc knights (Orc:2)
  17 cyclopes
  A wolf spider (D:15)
  2 manticores
  7 elephants
  Maurice (Orc:1)
  Joseph (D:8)
  A salamander (D:15)
  21 black mambas
  A guardian serpent (Snake:2)
  A smoke demon (Orc:2)
  6 naga magi
  2 kobold demonologists
  8 spiny frogs
  2 orange demons (Orc:2)
  3 gargoyles
  2 freezing wraiths (D:11)
  4 komodo dragons
  A hellwing (Orc:2)
  A rime drake (Lair:6)
  A red devil (Orc:2)
  7 trolls
  A queen bee (D:12)
  3 meliai (D:12)
  Grinder (D:5)
  2 polar bears (Lair:6)
  Prince Ribbit (D:7)
  18 blink frogs
  10 slime creatures
  4 flying skulls (D:11)
  12 hippogriffs
  42 yaks
  2 wyverns
  2 vampires
  4 shadows
  9 wraiths
  3 hogs (Lair:5)
  3 basilisks
  4 hungry ghosts (Lab)
  3 fire elementals (Orc:2)
  A golden eye (D:9)
  9 wargs
  3 vampire mosquitoes (D:14)
  An acid dragon (D:11)
  15 nagas
  4 hell hounds (Orc:2)
  13 water moccasins
  9 porcupines
  5 ice beasts
  38 orc warriors
  A sky beast (D:11)
  A slave (D:7)
  2 black bears (D:9)
  2 necrophages
  4 phantoms
  An eye of draining (D:13)
  18 ogres
  28 wolves
  16 centaurs
  11 crocodiles
  6 big kobolds
  Blork the orc (D:4)
  16 bullfrogs
  A gnoll sergeant (D:10)
  3 wyvern zombies
  A wyvern skeleton (D:11)
  4 scorpions
  15 killer bees
  16 wights
  7 howler monkeys
  4 bullfrog zombies
  5 centaur zombies
  9 crimson imps
  2 quasits
  7 centaur skeletons
  3 hounds
  19 orc wizards
  Crazy Yiuf (D:5)
  25 orc priests
  A gnoll shaman (D:6)
  9 jellies
  8 bullfrog skeletons
  Ijyb (D:4)
  An iguana (D:7)
  9 worker ants
  A hound zombie (D:11)
  2 hound skeletons
  A worker ant zombie (D:11)
  19 gnolls
  13 adders
  3 river rats (D:8)
  A howler monkey skeleton (D:11)
  7 shadow imps
  16 oozes
  2 adder skeletons
  3 worms (D:2)
  2 dart slugs (D:2)
  6 leopard geckos
  86 orcs
  8 giant cockroaches
  7 hobgoblins
  10 jackals
  15 kobolds
  8 quokkas
  12 bats
  5 frilled lizards
  9 goblins
  2 leopard gecko skeletons
  2 quokka zombies
  12 rats
  A plant (Lair:6)
939 creatures vanquished.

Vanquished Creatures (collateral kills)
  A dire elephant (Lair:6)
  A great orb of eyes (shapeshifter) (D:15)
  A hydra (Lair:1)
  2 skeletal warriors
  A cyclops (Orc:1)
  A wraith (D:14)
  A vampire (D:14)
  A crocodile (Lair:6)
  A centaur (D:14)
10 creatures vanquished.

Vanquished Creatures (others)
  2 orc high priests (Orc:2)
  A hippogriff (D:8)
  A slave (D:8)
  An orc priest (Orc:2)
  An iguana (D:10)
  12 fungi
  7 plants
25 creatures vanquished.

Grand Total: 974 creatures vanquished

Notes
Turn   | Place    | Note
-------+----------+-------------------------------------------
     0 | D:1      | Wendigo the Demonspawn Gladiator began the quest for the Orb.
     0 | D:1      | Reached XP level 1. HP: 16/16 MP: 1/1
   326 | D:1      | Gained mutation: You have sharp toenails. [demonic ancestry]
   326 | D:1      | Reached XP level 2. HP: 22/22 MP: 2/2
   922 | D:1      | Reached XP level 3. HP: 13/27 MP: 3/3
  1826 | D:3      | Reached XP level 4. HP: 33/33 MP: 4/4
  2106 | D:3      | Found a shattered altar of Ashenzari.
  2123 | D:3      | Found a faded altar of an unknown god.
  2155 | D:3      | Became a worshipper of Qazlal Stormbringer
  2155 | D:3      | Reached * piety under Qazlal
  2533 | D:4      | Noticed an ogre
  2545 | D:4      | Reached skill level 5 in Staves
  2545 | D:4      | Reached skill level 1 in Invocations
  2902 | D:4      | Noticed a phantom
  2923 | D:4      | Killed an ogre
  2923 | D:4      | Reached skill level 2 in Invocations
  2923 | D:4      | Gained mutation: When seriously injured, your bleeding wounds create armour. (AC +0) [demonic ancestry]
  2923 | D:4      | Reached XP level 5. HP: 11/38 MP: 6/6
  3439 | D:4      | Noticed Ijyb
  3444 | D:4      | Paralysed by Ijyb for 6 turns
  3451 | D:4      | Killed Ijyb
  3558 | D:4      | Found Bopp's General Store.
  3572 | D:4      | Bought a potion of ambrosia for 80 gold pieces
  3585 | D:4      | Found a deep blue altar of Sif Muna.
  3586 | D:4      | Found a blossoming altar of Fedhas.
  3667 | D:4      | Reached skill level 3 in Invocations
  3775 | D:4      | Killed a phantom
  3775 | D:4      | Gained mutation: You regenerate a little health from kills. [demonic ancestry]
  3775 | D:4      | Reached XP level 6. HP: 28/44 MP: 8/8
  4099 | D:4      | Reached skill level 4 in Invocations
  4220 | D:5      | Entered Level 5 of the Dungeon
  4223 | D:5      | Noticed Grinder
  4230 | D:5      | Paralysed by Grinder for 4 turns
  4247 | D:5      | Paralysed by Grinder for 7 turns
  4255 | D:5      | Killed Grinder
  4255 | D:5      | Reached XP level 7. HP: 42/50 MP: 10/10
  4276 | D:4      | Reached skill level 5 in Invocations
  4744 | D:5      | Noticed Blork the orc
  4788 | D:4      | Killed Blork the orc
  4788 | D:4      | Reached ** piety under Qazlal
  5455 | D:5      | Reached skill level 6 in Invocations
  5455 | D:5      | Reached XP level 8. HP: 53/56 MP: 12/12
  6028 | D:5      | Found a runed door.
  6032 | D:5      | Noticed Crazy Yiuf
  6045 | D:5      | Paralysed by Crazy Yiuf for 3 turns
  6056 | D:5      | Killed Crazy Yiuf
  6759 | D:6      | Reached skill level 7 in Invocations
  7307 | D:6      | Reached skill level 8 in Invocations
  7307 | D:6      | Reached XP level 9. HP: 61/61 MP: 13/15
  7835 | D:7      | Reached skill level 10 in Staves
  7878 | D:7      | Learned a level 1 spell: Apportation
  7891 | D:7      | Found a snail-covered altar of Cheibriados.
  7893 | D:7      | Found a basalt altar of Yredelemnul.
  8333 | D:7      | Found a staircase to the Ecumenical Temple.
  8453 | D:7      | Reached *** piety under Qazlal
  8453 | D:7      | Reached skill level 9 in Invocations
  8761 | D:8      | Noticed Joseph
  8785 | D:8      | Killed Joseph
  8905 | D:8      | Found a burning altar of Makhleb.
  8934 | D:8      | Noticed Prince Ribbit
  8980 | D:7      | Killed Prince Ribbit
  9210 | D:8      | Found a shimmering altar of Xom.
  9236 | D:8      | Noticed Pikel
  9251 | D:7      | Reached skill level 10 in Invocations
  9286 | D:7      | Killed Pikel
  9286 | D:7      | Gained mutation: You regenerate health from kills. [demonic ancestry]
  9286 | D:7      | Reached XP level 10. HP: 66/66 MP: 17/17
  9502 | D:8      | Noticed a death yak
  9502 | D:8      | Noticed a death yak
  9502 | D:8      | Noticed a death yak
  9555 | D:7      | Killed a death yak
  9818 | D:8      | Found a staircase to the Lair.
  9852 | D:8      | Killed a death yak
  9852 | D:8      | Reached skill level 11 in Invocations
  9875 | D:8      | Killed a death yak
 10310 | D:9      | Gained mutation: Your flesh is cold resistant. (rC+) [demonic ancestry]
 10310 | D:9      | Reached XP level 11. HP: 53/72 MP: 19/19
 10637 | D:9      | Found a white marble altar of Elyvilon.
 10697 | D:9      | Reached skill level 12 in Invocations
 10790 | D:9      | Noticed a two-headed ogre
 10798 | D:9      | Killed a two-headed ogre
 10857 | D:9      | Noticed a two-headed ogre
 10866 | D:9      | Killed a two-headed ogre
 11121 | D:10     | Entered Level 10 of the Dungeon
 11363 | D:10     | Noticed a two-headed ogre
 11385 | D:10     | Killed a two-headed ogre
 11620 | D:10     | Noticed Gastronok
 11653 | D:10     | Killed Gastronok
 11653 | D:10     | Reached skill level 13 in Invocations
 11677 | D:10     | Reached skill level 1 in Armour
 11909 | D:10     | Noticed a two-headed ogre
 11917 | D:10     | Killed a two-headed ogre
 12127 | Lair:1   | Entered Level 1 of the Lair of Beasts
 12198 | Lair:1   | Reached XP level 12. HP: 78/81 MP: 22/22
 12200 | Lair:1   | Reached **** piety under Qazlal
 12381 | Lair:1   | You fall through a shaft!
 12538 | Lair:1   | Noticed a four-headed hydra
 12544 | Lair:1   | Killed a four-headed hydra
 12671 | Lair:1   | Reached skill level 14 in Invocations
 13254 | Lair:2   | Noticed a five-headed hydra
 13260 | Lair:2   | Killed a five-headed hydra
 13313 | Lair:2   | Found a staircase to the Snake Pit.
 14125 | Lair:2   | Reached skill level 1 in Maces & Flails
 14613 | Lair:3   | Identified a scroll of acquirement
 14614 | Lair:3   | Got a twisted scarf
 14620 | Lair:3   | Noticed a five-headed hydra
 14632 | Lair:3   | Killed a five-headed hydra
 14642 | Lair:3   | Identified the scarf of Truth {Str+5} (You acquired it on level 3 of the Lair of Beasts)
 14986 | Lair:3   | Reached skill level 5 in Maces & Flails
 15203 | Lair:3   | Identified the Tome of Freezing Aid
 15510 | Lair:4   | Reached XP level 13. HP: 90/90 MP: 24/24
 15525 | Lair:4   | Found a staircase to the Shoals.
 15626 | Lair:4   | Reached ***** piety under Qazlal
 16731 | Lair:5   | Reached skill level 5 in Dodging
 16751 | Lair:5   | Got a transparent ring mail
 16762 | Lair:5   | Identified the +2 ring mail "Lollew" {Regen+} (You found it on level 5 of the Lair of Beasts)
 16814 | Lair:5   | Found a staircase to the Slime Pits.
 16893 | Lair:5   | Reached skill level 5 in Fighting
 16893 | Lair:5   | Reached skill level 15 in Invocations
 17087 | Lair:5   | Noticed Kirke
 17210 | Lair:5   | Killed Kirke
 17263 | Lair:5   | Reached skill level 5 in Armour
 17643 | Lair:6   | Entered Level 6 of the Lair of Beasts
 18169 | Lair:6   | Got a pair of fine boots
 18185 | Lair:6   | Identified the +1 pair of boots "Weawnil" {*Drain rElec rF+ rN++} (You acquired it on level 6 of the Lair of Beasts)
 18539 | Lair:6   | Noticed a dire elephant
 18634 | Lair:6   | Noticed a dire elephant
 18658 | Lair:6   | Killed a dire elephant
 18684 | Lair:6   | Noticed a dire elephant
 18701 | Lair:6   | Gained mutation: When seriously injured, your bleeding wounds create thick armour. (AC +0) [demonic ancestry]
 18701 | Lair:6   | Reached XP level 14. HP: 100/101 MP: 25/25
 18908 | Lair:6   | Got a jewelled hand crossbow
 18909 | Lair:6   | Identified the +1 hand crossbow "Denk" {flame, Str+3} (You found it on level 6 of the Lair of Beasts)
 18938 | Lair:6   | Reached skill level 16 in Invocations
 19505 | D:11     | Noticed Urug
 19533 | D:11     | Killed Urug
 19558 | D:11     | Found a staircase to the Orcish Mines.
 19601 | D:11     | Found a roughly hewn altar of Beogh.
 19778 | D:11     | Found a shadowy altar of Dithmenos.
 19784 | D:11     | Noticed Josephine
 19793 | D:11     | Killed Josephine
 20781 | Orc:1    | Entered Level 1 of the Orcish Mines
 20843 | Orc:1    | Found a radiant altar of Vehumet.
 20878 | Orc:1    | Noticed Maurice
 20890 | Orc:1    | Killed Maurice
 21206 | Orc:1    | Gained mutation: You are resistant to hostile enchantments. (MR+) [potion of mutation]
 21206 | Orc:1    | Gained mutation: You are highly resistant to hostile enchantments. (MR++) [potion of mutation]
 21206 | Orc:1    | Lost mutation: You are highly resistant to hostile enchantments. (MR++) [potion of mutation]
 21206 | Orc:1    | Gained mutation: Your mind is acute. (Int +2) [potion of mutation]
 21553 | Orc:2    | Entered Level 2 of the Orcish Mines
 21747 | D:4      | Bought 2 potions of flight for 60 gold pieces
 21965 | Orc:1    | Reached skill level 17 in Invocations
 22393 | Orc:1    | Noticed a fire giant
 22414 | Orc:1    | Killed a fire giant
 22414 | Orc:1    | Reached XP level 15. HP: 71/113 MP: 21/27
 22420 | Orc:1    | Got a warped morningstar {venom}
 22508 | Orc:1    | Identified the +8 morningstar of Disembowelment {venom, *Slow rC++ Str+8 Int-5} (You took it off a fire giant on level 1 of the Orcish Mines)
 22698 | Orc:2    | Found a staircase to the Elven Halls.
 22824 | Orc:2    | Found Plog's General Store.
 22829 | Orc:2    | Found Tozussot's Distillery.
 23137 | Orc:2    | Noticed Azrael
 23156 | Orc:2    | Killed Azrael
 23251 | Orc:2    | Found Goextiarr's Book Boutique.
 23251 | Orc:2    | Found a one-way gate leading to the halls of Pandemonium.
 23251 | Orc:2    | Found Faz Vai's Antique Armour Shop.
 23255 | Orc:2    | Bought a shiny helmet for 240 gold pieces
 24824 | D:12     | Found Tebooh's Assorted Antiques.
 24914 | D:12     | Found a portal to a secret trove of treasure.
 25097 | D:13     | Found a flagged portal.
 25127 | Bailey   | Entered a bailey
 25176 | Bailey   | Found an iron altar of Okawaru.
 25241 | D:13     | Reached ****** piety under Qazlal
 25503 | D:13     | Found a sacrificial altar of Ru.
 25987 | D:14     | Reached skill level 18 in Invocations
 26011 | D:14     | Reached skill level 10 in Maces & Flails
 26087 | D:14     | Gained mutation: When seriously injured, your bleeding wounds create very thick armour. (AC +0) [demonic ancestry]
 26087 | D:14     | Reached XP level 16. HP: 76/122 MP: 27/29
 26147 | D:14     | Found a labyrinth entrance.
 26155 | Lab      | Entered a labyrinth
 26331 | Lab      | Got a scorched wooden ring
 26335 | D:14     | Identified the cursed ring of Xyx Haub {rC++ rN+ EV-2 Str-3 Dex+2} (You found it in a labyrinth)
 26522 | D:14     | Found a gate to the Vaults.
 26714 | D:15     | Entered Level 15 of the Dungeon
 27891 | D:15     | Found a staircase to the Depths.
 28158 | Snake:1  | Entered Level 1 of the Snake Pit
 29009 | Snake:1  | Reached skill level 19 in Invocations
 29259 | Snake:2  | Found a bloodstained altar of Trog.
 29604 | Snake:1  | Upgraded the game from 0.20-a0-1117-g62da73f to 0.20-a0-1121-gbb42413
 29882 | Snake:2  | Got a shimmering cloak
 29893 | Snake:2  | Identified the +0 cloak "Ehuxtust" {rF+ Str+5} (You acquired it on level 2 of the Snake Pit)
 29942 | Snake:2  | Reached skill level 10 in Fighting
 31438 | Snake:2  | Quit the game

Vault maps used:
D:1:      dpeg_arrival_fog, due_unseen_surprise
D:2:      grunt_decor_one_mirror, serial_park_tiny_2
D:3:      chequers_ecumenical_altar_island, ashenzari_altar_1
D:4:      cheibrodos_helix_gallery, nicolae_overflow_hidden_temple,
          serial_shops, shop, uniq_ijyb
D:5:      first_bread, grunt_ministairs_12, uniq_grinder, uniq_blork_the_orc,
          uniq_crazy_yiuf_cottage
D:6:      st_stairs_5, kennysheep_another_room
D:7:      minitemple, temple_fountains
D:8:      marbit_many_paths, dpeg_lair_monsters, basic_altar,
          blue_anna_alchemist, uniq_pikel, uniq_prince_ribbit1, uniq_joseph
D:9:      lemuel_coloured_pillars_altar, abandoned_shop
D:10:     uniq_gastronok
D:11:     hangedman_screamer, minmay_orc_entry_temple_small, serial_glass,
          glass_columns_a, glass_columns_a, grunt_dithmenos_smoke_and_mirrors,
          uniq_urug
D:12:     serial_shops, nicolae_shop_crystal, nicolae_trove_entry_crystal,
          special_room, kennysheep_small_circle
D:13:     enter_bailey_2, nicolae_ru_sacrificial_ziggurat
D:14:     david_vaults_2, lab_entry_generic
D:15:     hangedman_depths_entry_try_elsewhere_first, minmay_misc_feat_room
Lair:2:   minmay_guarded_unrand_snakebite, guppyfry_snake_entry_island
Lair:3:   lemuel_slime
Lair:4:   minmay_shoals_entry_beasts, minivault_11
Lair:5:   slime_dummy, uniq_kirke
Lair:6:   due_jungle_book, st_stairs_3, patterned_corridor
Snake:1:  nrook_loot_triangle, uniq_josephine
Snake:2:  basic_altar
Orc:1:    giant_chief_lemuel, basic_altar, uniq_maurice
Orc:2:    pf_orc_diabolical, uniq_azrael
Lab:      labyrinth_spiral, lab_hedge, nicolae_lab_blocks, nicolae_lab_arrow,
          lab_block, nicolae_lab_statue, nicolae_lab_lava, labyrinth_fake_exit,
          nicolae_lab_flowing_pool, nicolae_lab_diamond,
          nicolae_lab_very_dead_end, nicolae_lab_checkerboard,
          labyrinth_skeletal_remains, lab_statue, nicolae_lab_x, lab_fountain,
          nicolae_lab_plus
Bailey:   bailey_axe_3, bailey

Skill      XL: |  1  2  3  4  5  6  7  8  9 10 11 12 13 14 15 16 |
---------------+-------------------------------------------------+-----
Staves         | 3 4 5 6 8 9 11 12 14 | 14.1
Invocations    | 2 3 4 6 8 10 11 13 14 15 17 18 19 | 19.5
Armour         | 2 4 6 8 9 |  9.2
Dodging        | 3 4 6 8 9 |  9.8
Fighting       | 3 4 6 9 10 | 10.2
Maces & Flails | 5 7 10 12 | 12.4
Throwing       | |  1.7

Action                   |  1- 3 |  4- 6 |  7- 9 | 10-12 | 13-15 | 16-18 || total
-------------------------+-------+-------+-------+-------+-------+-------++-------
Melee: Quarterstaff      |   132 |   123 |   408 |   666 |       |       ||  1329
       Kick              |    19 |    33 |   117 |   274 |   142 |       ||   585
       Whip              |       |       |       |   179 |  1072 |   300 ||  1551
       Morningstar       |       |       |       |       |   625 |   352 ||   977
Throw: Throwing net      |       |     1 |       |       |       |       ||     1
Invok: Upheaval          |       |       |     2 |     5 |    17 |     5 ||    29
       Elemental Force   |       |       |     1 |     3 |     3 |     1 ||     8
       Disaster Area     |       |       |       |       |     3 |     1 ||     4
  Use: Scroll            |     1 |       |       |    23 |     6 |     7 ||    37
       Potion            |       |     1 |     2 |     2 |     3 |     3 ||    11
 Stab: Sleeping          |     3 |       |       |       |       |       ||     3
       Confused          |       |       |     2 |       |       |       ||     2
       Distracted        |       |       |     1 |     1 |       |       ||     2
       Petrifying        |       |       |     1 |     1 |       |       ||     2
       Paralysed         |       |       |       |     2 |       |       ||     2
  Eat: Chunk             |     3 |     8 |    16 |    19 |    26 |    14 ||    86
       Bread ration      |       |       |       |     1 |     1 |     2 ||     4
Armor: Leather armour    |    37 |       |       |       |       |       ||    37
       Chain mail        |    43 |    71 |   208 |   311 |   274 |       ||   907
       Ring mail         |       |       |       |       |    71 |       ||    71
       Plate armour      |       |       |       |       |   210 |   212 ||   422
Dodge: Dodged            |    78 |    39 |   133 |   285 |   814 |   173 ||  1522
       Deflected         |       |       |       |     1 |    42 |    23 ||    66
Block: Other             |       |     4 |    25 |   100 |   450 |   148 ||   727
